cohdb
Replays
Latest Replays
All Replays
Popular Replays
Top Player Replays
Match Explorer
How It Works
Community
CoH3 Stats
Reddit
Sign in to upload your games and track your stats! →
Sign in with Steam
Match 47050265
Unlisted
Match 47050265
Overview
Messages
Build Orders
End
Vickers Machine Gun Team
Construct Section Command Post
Infantry Section
Infantry Section
Selects Heavy Armor Battlegroup
Infantry Section
Construct Platoon Command Post
Selects Rigorous Vehicle Training
CMP 15cwt Truck
6-pounder Anti-tank Gun Team
ML 3-inch Mortar Team
Construct Company Command Post
Selects Engineer Detachments
Selects Forward Repair Assembly
Selects UNKNOWN (2162094)
Crusader II Medium Tank
Infantry Section
Staff
Sherman-C
parsnip9510
XIAOXU
Pin0kyo
welnez
AtzePong
FLOKL
0
0
Comments
sign in to comment!
No comments posted yet!